 Dungeon Crawl Stone Soup version 0.30.2 (webtiles) character file.

Game seed: 3387662531599925027

186 porpoise the Shooter (level 5, -1/46 HPs)
             Began as a Minotaur Hunter on Mar 5, 2024.
             Slain by a goblin
             ... wielding a +0 club
              (4 damage)
             ... on level 3 of the Dungeon.
             The game lasted 00:05:31 (2290 turns).

porpoise the Shooter (Minotaur Hunter)              Turns: 2290, Time: 00:05:31

Health: -1/46      AC:  5    Str: 15    XL:     5   Next: 38%
Magic:  4/4        EV: 11    Int:  6    God:
Gold:   126        SH:  5    Dex: 16    Spells: 4/4 levels left

rFire   . . .        b - +1 short sword (venom)
rCold   . . .        (no shield)
rNeg    . . .        e - +0 ring mail
rPois   .            (helmet restricted)
rElec   .            (no cloak)
rCorr   .            (no gloves)
SInv    .            (no boots)
Will    .....        r - amulet of reflection
Stlth   +            (no ring)
HPRegen 0.27/turn    (no ring)
MPRegen 0.09/turn

%: reflection
@: no status effects
A: horns 2, retaliatory headbutt
a: no special abilities


You were on level 3 of the Dungeon.
You visited 1 branch of the dungeon, and saw 4 of its levels.

You collected 126 gold pieces.

Inventory:

Hand Weapons
 a - a +0 shortbow
 b - a +1 short sword of venom (weapon)
 x - the +2 war axe of Fortitude {elec, rPois rF+ Int+4 Stlth-}
   (You took it off a kobold on level 3 of the Dungeon)

   Int:       It affects your intelligence (+4).
   rF:        It protects you from fire.
   rPois:     It protects you from poison.
   Stlth:     It makes you less stealthy.
Missiles
 o - 3 boomerangs
 t - 11 poisoned darts
Armour
 e - a +0 ring mail (worn)
Jewellery
 r - an amulet of reflection (around neck)
Scrolls
 c - a scroll of vulnerability {unknown}
 d - a scroll of blinking
 i - 2 scrolls of immolation
 j - 2 scrolls of amnesia {unknown}
 l - 2 scrolls of teleportation {unknown}
 m - a scroll of silence {unknown}
 n - a scroll of enchant armour {unknown}
 p - 2 scrolls of enchant weapon {unknown}
Potions
 f - 2 potions of ambrosia
 g - a potion of might
 h - a potion of heal wounds
 k - 4 potions of curing
 q - a potion of magic {unknown}
 s - a potion of berserk rage {unknown}
 u - a potion of mutation {unknown}
 v - a potion of attraction {unknown}
 w - a potion of lignification {unknown}


   Skills:
 + Level 4.0 Fighting
 * Level 6.0 Ranged Weapons
 + Level 2.9 Armour
 - Level 2.1 Dodging
 - Level 0.7 Stealth


You had 4 spell levels left.
You didn't know any spells.
Your spell library contained the following spells:

 Spells                   Type           Power      Damage    Failure   Level
 Kiss of Death            Conj/Necr      0%         2d5       67%         1
 Confusing Touch          Hex            0%         N/A       96%         3
 Dispel Undead            Necr           0%         3d6       100%        4


Dungeon Overview and Level Annotations

Branches:
Dungeon (4/15)
 Temple: D:4-7

Altars:
Qazlal
The Shining One


Innate Abilities, Weirdness & Mutations

You have a pair of horns on your head.
You reflexively headbutt those who attack you in melee.


Message History

You are too injured to fight recklessly!
You are too injured to fight recklessly!
You are too injured to fight recklessly!
The centaur shoots an arrow.
You block the arrow with an invisible shield... and reflect it back!
The arrow barely misses the centaur.
The centaur shoots an arrow.
You block the arrow with an invisible shield... and reflect it back!
The arrow hits the centaur.
A goblin comes into view. It is wielding a +0 club.
You shoot an arrow.
The arrow hits the centaur but does no damage.
The centaur is severely wounded.
The centaur unwields a +0 shortbow.
The centaur hits you.
* * * LOW HITPOINT WARNING * * *
You block the centaur's attack.
The centaur hits you but does no damage.
The centaur kicks you but does no damage.
Your +1 short sword of venom begins to drip with poison!
b - a +1 short sword of venom (weapon)
The centaur hits you.
* * * LOW HITPOINT WARNING * * *
The centaur kicks you.
* * * LOW HITPOINT WARNING * * *
You hit the centaur.
The centaur is severely wounded.
The centaur completely misses you. The centaur misses you.
The goblin misses you.
You closely miss the centaur.
The centaur is severely wounded.
The centaur hits you.
* * * LOW HITPOINT WARNING * * *
The centaur barely misses you. The goblin closely misses you.
The centaur closely misses you. x2
You hit the centaur but do no damage.
The centaur is poisoned.
The centaur is severely wounded.
The centaur hits you but does no damage.
The centaur kicks you but does no damage.
The goblin hits you with a +0 club.
You die...

#########
#####.......###
.........)....###
#####
####.......###...##
....#
...........g.###..#
###.#
...#....@c...##.##
#.# .
#..######..#..#
###.# #.## .##.#
###.# #.. .#.#
###.# #.. #.# ###.#
#.. #.# ###.# #..
#.## ###.# ##.
##..# ###.# #...#


You could see a centaur (very poisoned) and a goblin.

Vanquished Creatures
  A crimson imp (D:3)
  An orc wizard (D:3)
  4 gnolls (D:3)
  3 adders
  2 dart slugs
  5 orcs (D:3)
  3 bats
  5 endoplasms
  A giant cockroach (D:1)
  3 goblins
  3 hobgoblins
  7 kobolds
  2 quokkas
  3 ball pythons (D:3)
  4 frilled lizards
  A goblin skeleton (D:3)
  4 hobgoblin zombies (D:3)
  A kobold skeleton (D:3)
  2 kobold zombies (D:3)
  2 orc skeletons (D:3)
  An orc zombie (D:3)
  5 rats
63 creatures vanquished.

Notes
Turn   | Place    | Note
-------+----------+-------------------------------------------
     0 | D:1      | porpoise the Minotaur Hunter began the quest for the Orb.
     0 | D:1      | Reached XP level 1. HP: 18/18 MP: 0/0
    85 | D:1      | Reached XP level 2. HP: 25/25 MP: 1/1
   156 | D:1      | Reached skill level 1 in Armour
   222 | D:1      | Found a faded altar of an unknown god.
   582 | D:2      | Reached skill level 5 in Ranged Weapons
   582 | D:2      | Reached XP level 3. HP: 31/31 MP: 2/2
  1526 | D:3      | Reached XP level 4. HP: 34/38 MP: 3/3
  1839 | D:3      | Found a stormy altar of Qazlal.
  1964 | D:3      | Found a glowing golden altar of the Shining One.
  1996 | D:3      | Reached XP level 5. HP: 45/46 MP: 4/4
  2112 | D:3      | Reached skill level 6 in Ranged Weapons
  2253 | D:3      | Identified the +2 war axe of Fortitude {elec, rPois rF+
                  | Int+4 Stlth-}
  2274 | D:3      | Noticed a centaur
  2290 | D:3      | Slain by a goblin

Illustrated notes

Levels and vault maps discovered:
D:1:      dreamdust_arrival_beginning_and_end, layout_rooms,
          basic_ecumenical_altar
D:2:      layout_basic
D:3:      minmay_evil_eye, layout_basic, mainiacjoe_overflow_alcove_4,
          nicolae_tso_besieged_by_evil, nicolae_dithmenos_the_darkroom,
          minmay_randomly_rotated_circles
D:4:      layout_gridville, nicolae_elyvilon_temple_path,
          makhleb_blood_cavern_becter, gammafunk_ghost_arena,
          kennysheep_doodads, minmay_misc_feat_iff, nicolae_shop_clearance

Skill      XL: |  1  2  3  4  5 |
---------------+----------------+-----
Armour         | 1 2 |  2.9
Fighting       | 3 4 |  4.0
Ranged Weapons | 5 6 |  6.0
Dodging        | |  2.1
Stealth        | |  0.7

Action                     |  1- 3 |  4- 6 || total
---------------------------+-------+-------++-------
  Melee: Short sword       |     6 |    11 ||    17
         Shortbow          |       |     2 ||     2
         Headbutt          |       |     1 ||     1
   Fire: Shortbow          |    83 |    91 ||   174
    Use: Scroll            |     5 |       ||     5
 Armour: Ring mail         |    12 |    27 ||    39
  Dodge: Dodged            |    15 |    34 ||    49
  Block: Other             |       |    20 ||    20
         Reflection        |       |     2 ||     2
